AoeStats
← brunol1901

Nomad

509699235Analyzed
4v4 RM · 5d ago on Sep 27, 2026· 43m 48s· 8 players
Game mode
Random Map
Map size
231×231
Population
200
Speed
Normal
Resources
Standard
Victory
Conquest
Starting age
Dark Age
Ending age
Imperial Age
RankedLock teamsTeams togetherTeam positionsShared explorationLock speedFull tech treeHidden civsTurbo modeCheats
Victory
Defeat
🇹🇼 Spanish · Taiwan
1693
+14
🇭🇰 Varangians · Hong Kong SAR China
1657
+15
🇹🇼 Danes · Taiwan
1635
+16
🇹🇼 Malay · Taiwan
1615
+17
🇨🇦 Cumans · Canada
1831
-22
🇧🇷 Malay · Brazil
1676
-17
🇧🇷 Spanish · Brazil
1550
-12
🇧🇷 Persians · Brazil
1516
-11
Fs.BlinkAoE
4:31 Loom
12:15 Feudal Age
13:01 Man-at-Arms
29:01 Scale Mail Armor
32:26 Fletching
35:32 Wheelbarrow
34:58 Double-Bit Axe
34:54 Horse Collar
39:53 Castle Age
38:55 Forging
39:40 Gold Mining
39:40 Stone Mining
40:39 Bodkin Arrow
42:05 Ballistics
FofocaStyle
5:13 Loom
11:42 Feudal Age
12:14 Double-Bit Axe
22:56 Castle Age
23:34 Medium Warships
32:51 Wheelbarrow
32:36 Careening
36:32 Fletching
36:32 Elite Skirmisher
38:56 Bodkin Arrow
39:38 Ballistics
39:43 Bow Saw
40:47 Padded Archer Armor
41:19 Horse Collar
41:26 Town Watch
Floripa
4:31 Loom
13:57 Feudal Age
13:43 Town Watch
17:08 Castle Age
18:54 Medium Warships
18:57 Forging
19:47 Demolition Ship
20:25 Double-Bit Axe
21:28 Bow Saw
22:30 Iron Casting
23:58 Clinker Construction
30:01 Fishing Lines
31:26 Horse Collar
33:55 Gillnets
34:52 Fletching
35:34 Bodkin Arrow
36:10 Ballistics
38:49 Stone Mining
38:49 Gold Mining
38:50 Stone Mining
38:50 Gold Mining
38:50 Stone Mining
42:02 Wheelbarrow
44:32 Imperial Age
43:23 Padded Archer Armor
brunol1901
4:54 Loom
5:30 Loom
12:52 Feudal Age
16:55 Castle Age
16:43 Double-Bit Axe
17:56 Bow Saw
21:25 Horse Collar
21:51 Husbandry
25:05 Bloodlines
26:23 Padded Archer Armor
29:19 Wheelbarrow
30:28 Heavy Plow
36:22 Imperial Age
34:24 Leather Archer Armor
37:35 Ring Archer Armor
37:28 Conscription
37:21 Elite Conquistador
39:51 Hand Cart
JamCat
6:01 Loom
13:55 Feudal Age
14:12 Loom
17:32 Castle Age
16:19 Scale Barding Armor
16:28 Double-Bit Axe
18:13 Forging
19:38 Town Watch
20:17 Chain Barding Armor
21:50 Bow Saw
23:30 Town Watch
27:39 Fletching
29:06 Fletching
30:55 Wheelbarrow
30:21 Town Patrol
31:53 Bodkin Arrow
32:35 Husbandry
32:38 Padded Archer Armor
35:07 Ballistics
35:09 Leather Archer Armor
36:09 Bloodlines
39:58 Horse Collar
43:24 Imperial Age
42:11 Squires
42:12 Scale Mail Armor
42:47 Iron Casting
43:50 Chain Mail Armor
44:01 Masonry
羅鈸棒
3:58 Loom
12:14 Feudal Age
12:10 Double-Bit Axe
14:03 Fishing Lines
19:58 Forging
24:02 Castle Age
22:46 Gold Mining
23:59 Medium Warships
23:25 Demolition Ship
29:58 Horse Collar
33:07 Wheelbarrow
32:26 Town Watch
34:47 Hand Cart
35:27 Bow Saw
37:45 Fletching
41:17 Imperial Age
38:54 Heavy Plow
38:52 Bodkin Arrow
39:48 Ballistics
39:08 Crossbowman
40:42 Thumb Ring
40:26 Arbalester
41:12 Bracer
42:49 Chemistry
42:24 Conscription
42:41 Padded Archer Armor
44:09 Leather Archer Armor
44:29 Iron Casting
43:24 Pikeman
Umi
10:51 Loom
12:57 Feudal Age
12:33 Loom
16:33 Castle Age
22:04 Double-Bit Axe
25:30 Padded Archer Armor
28:20 Bloodlines
31:52 Husbandry
32:42 Bow Saw
32:23 Gold Mining
34:21 Leather Archer Armor
35:29 Wheelbarrow
42:12 Imperial Age
40:12 Horse Collar
40:50 Hand Cart
40:20 Town Watch
40:50 Stone Mining
42:30 Ballistics
42:16 Fletching
42:21 Elite Conquistador
43:34 Ring Archer Armor
44:55 Chemistry
hide1914
14:40 Feudal Age
19:17 Castle Age
17:31 Double-Bit Axe
17:50 Fletching
19:55 Bodkin Arrow
20:22 Bow Saw
20:29 Fishing Lines
21:34 Gillnets
23:45 Gold Mining
23:41 Loom
28:41 Horse Collar
32:20 Wheelbarrow
31:47 Gillnets
34:38 Hand Cart
35:04 Scale Barding Armor
38:54 Imperial Age
36:47 Forging
37:20 Chain Barding Armor
37:16 Husbandry
38:18 Iron Casting
38:32 Bloodlines
38:34 Stone Mining
40:15 Plate Barding Armor
41:05 Two-Man Saw
41:14 Blast Furnace
41:52 Conscription
Connection lost

Rejoining the realm…

Still unreachable

The connection could not be restored.

Session expired

The server has moved on; the page needs a fresh start.